[Event "8th Amsterdam Summer Open-A 2018"]
[Site "Amsterdam"]
[Date "2018.07.09"]
[Round "3"]
[White "Grooten, Herman"]
[Black "Brouwer, Rein"]
[Result "1-0"]
[ECO "E04"]
[WhiteElo "2384"]
[BlackElo "2062"]
[Annotator "NA"]
[PlyCount "71"]
[EventDate "2018.07.07"]
[EventType "swiss"]
[EventCountry "NED"]
[SourceTitle "playchess.com"]
[Source "ChessBase"]
[SourceQuality "1"]
[TimeControl "40/5400+30:1800+30"]

1. d4 d5 2. c4 c6 3. Nf3 Nf6 4. g3 dxc4 5. Bg2 b5 6. Ne5 Bb7 7. a4 a6 8. O-O e6 {[%emt 0:01:56] LiveBook: 104 Games} 9. Nc3 Nd5 10. Ne4 {[%emt 0:05:25] E04: Katalanisch} (10. e4 Nxc3 11. bxc3 Be7 12. Rb1 Qc8 13. Qg4 g6 14. f4 Nd7 15. f5 Nxe5 16. dxe5 h5 17. Qf3 exf5 18. exf5 Qxf5 19. Qxc6+ Bxc6 20. Bxc6+ {½-½ (78) Inarkiev,E (2689)-Piorun,K (2651) Katowice 2017}) 10... Be7 11. Nc5 Bxc5 12. dxc5 Nd7 13. Nxd7 Qxd7 14. e4 $146 ({White should try} 14. b3 $11) ({Vorgänger:} 14. Bg5 h6 15. Bd2 O-O 16. e4 Nf6 17. Qc1 Qe7 {0-1 (44) Bronstein,L (2420)-Juarez,A (2260) Buenos Aires 1993}) 14... O-O 15. b3 cxb3 $2 ({Black should play} 15... Nf6 $14) 16. Qxb3 Qe7 17. exd5 cxd5 18. axb5 axb5 19. Rxa8 Rxa8 20. Qxb5 Ba6 21. Qa5 Qe8 22. Re1 Bb5 23. Qc3 Bc4 24. Bb2 f6 25. f4 Qd7 26. Qe3 $18 Ra6 27. g4 h6 28. Bd4 Kf7 29. Rb1 Ra2 30. Bf3 Ra6 31. Rb6 Qc8 32. Kf2 Ra2+ 33. Kg3 Ra6 34. h4 Rxb6 35. cxb6 Qb8 36. Qa3 1-0

[Event "8th Amsterdam Summer Open-A 2018"]
[Site "Amsterdam"]
[Date "2018.07.09"]
[Round "3"]
[White "Elgersma, Simon"]
[Black "Romkes, Abel"]
[Result "1/2-1/2"]
[ECO "C78"]
[WhiteElo "2263"]
[BlackElo "2018"]
[Annotator "ChessBase"]
[PlyCount "50"]
[EventDate "2018.07.07"]
[EventType "swiss"]
[EventCountry "NED"]
[SourceTitle "playchess.com"]
[Source "ChessBase"]
[SourceQuality "1"]
[TimeControl "40/5400+30:1800+30"]

1. e4 e5 2. Nf3 Nc6 3. Bb5 a6 4. Ba4 Nf6 5. O-O b5 6. Bb3 Bc5 7. Re1 O-O 8. c3 d6 9. d4 Bb6 10. a4 Rb8 11. Na3 Bg4 12. axb5 axb5 13. Nxb5 Bxf3 14. gxf3 Nh5 15. Be3 Qf6 16. Kh1 exd4 17. cxd4 Ba5 18. Nc3 Bxc3 19. bxc3 Rxb3 20. Qxb3 Qxf3+ 21. Kg1 Qg4+ 22. Kf1 Nf4 23. Reb1 Qe2+ 24. Kg1 Qg4+ 25. Kf1 Qe2+ 1/2-1/2

[Event "8th Amsterdam Summer Open-A 2018"]
[Site "Amsterdam"]
[Date "2018.07.09"]
[Round "3"]
[White "Floor, Dirk"]
[Black "Riemersma, Li"]
[Result "0-1"]
[ECO "E04"]
[WhiteElo "2196"]
[BlackElo "2458"]
[Annotator "RC"]
[PlyCount "64"]
[EventDate "2018.07.07"]
[EventType "swiss"]
[EventCountry "NED"]
[SourceTitle "playchess.com"]
[Source "ChessBase"]
[SourceQuality "1"]
[TimeControl "40/5400+30:1800+30"]

1. d4 Nf6 2. c4 e6 3. Nf3 d5 4. g3 dxc4 5. Bg2 Nc6 6. O-O Rb8 7. Nc3 Bb4 8. Bg5 h6 9. Bxf6 Qxf6 10. e4 O-O 11. e5 Qd8 12. Re1 b5 13. Re4 Ne7 14. a3 Bxc3 15. bxc3 Bb7 16. Rg4 c5 17. dxc5 Qxd1+ 18. Rxd1 Nd5 19. Nd4 Nxc3 20. Rc1 Bxg2 21. Kxg2 Nd5 22. Nc6 Rbc8 23. Nxa7 Rxc5 24. a4 bxa4 25. Rcxc4 Rxc4 26. Rxc4 Nb6 27. Rc6 Ra8 28. Nb5 Nd7 29. f4 a3 30. Rc1 a2 31. Ra1 Nc5 32. Nc3 Ra3 0-1

[Event "8th Amsterdam Summer Open-A 2018"]
[Site "Amsterdam"]
[Date "2018.07.09"]
[Round "3"]
[White "Elgersma, Onno"]
[Black "Brink, Barry"]
[Result "*"]
[ECO "C45"]
[WhiteElo "2150"]
[BlackElo "2342"]
[Annotator "NA"]
[PlyCount "68"]
[EventDate "2018.07.07"]
[EventType "swiss"]
[EventCountry "NED"]
[SourceTitle "playchess.com"]
[Source "ChessBase"]
[SourceQuality "1"]
[TimeControl "40/5400+30:1800+30"]

1. e4 e5 2. Nf3 Nc6 3. d4 exd4 4. Nxd4 Nf6 5. Nxc6 bxc6 6. e5 Qe7 7. Qe2 Nd5 8. h4 Bb7 {[%emt 0:01:09] C45: Scotch Game} 9. c4 Nb6 {[%emt 0:00:51] LiveBook: 4 Partien} 10. Bg5 $146 ({Predecessor:} 10. Rh3 Qe6 11. f4 O-O-O 12. a4 d5 13. a5 Nxc4 14. b3 Bb4+ 15. Kf2 Nxa5 16. Bd2 {½-½ (73) Nakamura,H (2781)-Carlsen,M (2837) London 2017}) 10... Qe6 11. Nd2 h6 12. Bf4 O-O-O 13. O-O-O Kb8 14. Nb3 Qf5 15. Qe3 Qe6 16. Nc5 ({Better is} 16. Na5 $16) 16... Qe7 17. Nxb7 Kxb7 18. Rh3 Qc5 19. Rf3 Be7 20. Qxc5 Bxc5 21. Bg3 Rhf8 22. Kc2 Rde8 23. Rf5 Re6 24. h5 a5 25. Rd3 d5 26. exd6 cxd6 27. Rd2 Nd7 28. Rxc5 Nxc5 29. Bxd6 Rxd6 30. Rxd6 Re8 31. Rd2 Re1 32. Bd3 Rh1 33. Re2 Ne6 34. Re5 Kb6 *

[Event "8th Amsterdam Summer Open-A 2018"]
[Site "Amsterdam"]
[Date "2018.07.09"]
[Round "3"]
[White "Mesman, Edwyn"]
[Black "Lai, Hing Ting"]
[Result "0-1"]
[ECO "E38"]
[WhiteElo "2100"]
[BlackElo "2447"]
[Annotator "NA"]
[PlyCount "50"]
[EventDate "2018.07.07"]
[EventType "swiss"]
[EventCountry "NED"]
[SourceTitle "playchess.com"]
[Source "ChessBase"]
[SourceQuality "1"]
[TimeControl "40/5400+30:1800+30"]

1. d4 Nf6 2. c4 e6 3. Nc3 Bb4 4. Qc2 c5 5. dxc5 Bxc5 6. Nf3 Qb6 7. e3 $1 Qc7 8. g4 {[%emt 0:02:38] E38: Nimzo-Indian: Classical: 4...c5} (8. b3 a6 9. Bb2 b6 10. Be2 Bb7 11. g4 h6 12. Rg1 Nc6 13. a3 Ne5 14. Nxe5 Qxe5 15. Rg3 Qc7 16. O-O-O d5 17. cxd5 exd5 18. Kb1 {½-½ (18) Sakaev,K (2594)-Khismatullin,D (2628) Sochi 2017}) 8... Nxg4 9. Rg1 {[%emt 0:01:12] LiveBook: 4 Games} Ne5 {[%emt 0:11:14] [#]} 10. Be2 (10. Nxe5 $1 $16 Qxe5 11. f4) 10... Nxf3+ $146 ({Predecessor:} 10... Nbc6 11. a3 b6 12. b4 Be7 13. Bb2 Bb7 14. Nd2 a6 15. Nce4 f5 {1-0 (35) Machlik,M (2005)-Hund,S (1909) Erfurt 2014}) 11. Bxf3 O-O 12. b3 Bd6 13. Bb2 Be5 14. O-O-O Nc6 15. Rg2 (15. Bh1 $16) 15... d5 16. Rdg1 g6 17. Kb1 dxc4 18. Nb5 $19 (18. bxc4 $17 Qb6 19. h4) 18... cxb3 19. axb3 Qd8 20. Nd4 Nxd4 21. exd4 Bg7 22. Be4 Bd7 23. Bxg6 fxg6 24. Rxg6 hxg6 25. Qxg6 Qf6 0-1

[Event "8th Amsterdam Summer Open-A 2018"]
[Site "Amsterdam"]
[Date "2018.07.09"]
[Round "3"]
[White "Theulings, Paul-Peter"]
[Black "Bosboom, Manuel"]
[Result "1-0"]
[ECO "A40"]
[WhiteElo "2088"]
[BlackElo "2403"]
[Annotator "NA"]
[PlyCount "47"]
[EventDate "2018.07.07"]
[EventType "swiss"]
[EventCountry "NED"]
[SourceTitle "playchess.com"]
[Source "ChessBase"]
[SourceQuality "1"]
[TimeControl "40/5400+30:1800+30"]

1. Nf3 c5 2. c4 g6 3. d4 cxd4 4. Nxd4 Bg7 5. e4 Qb6 6. Nb3 {[%emt 0:02:37] LiveBook: 45 Games} f5 {[%emt 0:05:14] A40: Unusual replies to 1 d4} (6... a5 7. c5 Qc7 8. Nc3 Bxc3+ 9. bxc3 Nf6 10. Qd4 a4 11. Nd2 Nc6 12. Qe3 Na5 13. Be2 O-O 14. O-O {½-½ (50) Geller,J (2526)-Morozevich,A (2676) Moscow 2017}) 7. exf5 gxf5 8. Be2 Nf6 9. O-O $146 ({Predecessor:} 9. Nc3 O-O 10. c5 Qd8 11. Qd3 Nc6 12. O-O a5 13. Na4 b5 14. Nb6 {½-½ (46) Horvath,G (2441)-Jouhki,Y (2274) Panormo 2001}) 9... h5 (9... O-O $16) 10. Nc3 Ng4 $2 (10... Nc6 11. Bg5 Qd8) 11. c5 Qc7 12. g3 Bxc3 13. bxc3 b6 $2 (13... Qc6 14. h3 Nf6) 14. Bf3 Bb7 15. Nd4 bxc5 $2 (15... Ne5) 16. Nxf5 (16. Bf4 $142 Bxf3 17. Qxf3 (17. Bxc7 $2 {verliert.} Bxd1 18. Rfxd1 cxd4 $19)) 16... Nc6 17. Ng7+ (17. Bf4 $142 Nge5 18. Bxh5+ Kd8 19. Re1) 17... Kf7 18. Nxh5 Rag8 19. Bxg4 Ne5 20. f3 Ke8 21. Rb1 Nxg4 $18 22. fxg4 Be4 23. Bf4 d6 24. Bxd6 1-0

[Event "8th Amsterdam Summer Open-A 2018"]
[Site "Amsterdam"]
[Date "2018.07.09"]
[Round "3"]
[White "Cornelisse, Ticho"]
[Black "Van Baar, Esper"]
[Result "1-0"]
[ECO "A00"]
[WhiteElo "2074"]
[BlackElo "2252"]
[Annotator "NA"]
[PlyCount "63"]
[EventDate "2018.07.07"]
[EventType "swiss"]
[EventCountry "NED"]
[SourceTitle "playchess.com"]
[Source "ChessBase"]
[SourceQuality "1"]
[TimeControl "40/5400+30:1800+30"]

1. g3 e5 2. Bg2 d5 3. c4 d4 4. d3 Bb4+ 5. Nd2 c5 6. a3 Ba5 7. b4 cxb4 8. axb4 Bc7 9. c5 Qe7 (9... Ne7 $16 {might work better.}) 10. Qc2 Nc6 11. b5 Na5 12. Ba3 Qd8 13. Bb4 Rb8 14. b6 axb6 15. cxb6 Bxb6 16. Bxa5 $1 Ra8 17. Bc3 $18 dxc3 18. Rxa8 cxd2+ 19. Qxd2 Qc7 20. Nf3 Ne7 21. O-O O-O 22. Rc1 Nc6 23. Qb2 f6 24. Qb3+ Kh8 25. Bh3 f5 26. Qb5 e4 27. Ne5 exd3 28. exd3 g6 29. Nxc6 bxc6 30. Qxc6 Bxf2+ 31. Kxf2 Qe5 32. Qc3 {[%emt 0:00:19] Qe2+ [%emt 00:00:34]} 1-0

[Event "8th Amsterdam Summer Open-A 2018"]
[Site "Amsterdam"]
[Date "2018.07.09"]
[Round "3"]
[White "Bogaard, Milo"]
[Black "Kollen, Zyon"]
[Result "*"]
[ECO "D36"]
[WhiteElo "2073"]
[BlackElo "2313"]
[Annotator "NA"]
[PlyCount "59"]
[EventDate "2018.07.07"]
[EventType "swiss"]
[EventCountry "NED"]
[SourceTitle "playchess.com"]
[Source "ChessBase"]
[SourceQuality "1"]
[TimeControl "40/5400+30:1800+30"]

1. c4 e6 2. Nf3 Nf6 3. Nc3 d5 4. d4 Be7 5. Bg5 Nbd7 6. e3 h6 7. Bh4 O-O 8. cxd5 exd5 9. Bd3 a6 {[%emt 0:05:19] LiveBook: 3 Games} 10. O-O c6 11. Qc2 Re8 12. Rab1 b6 $146 {[%emt 0:08:34] D36: Queen's Gambit Declined: Exchange Variation: Main line (5 Bg5 c6 6 Qc2)} ({Predecessor:} 12... Nf8) 13. Bg3 Bb7 14. b4 a5 15. bxa5 Rxa5 16. a4 Qa8 17. Ne5 Ba6 18. Rfd1 Bxd3 19. Qxd3 Nxe5 20. Bxe5 Nd7 21. Bf4 Bf6 22. e4 dxe4 23. Nxe4 Rxa4 $17 24. Nxf6+ Nxf6 25. Be5 Nd5 26. h3 Ra3 27. Qf5 Nc3 28. Qg4 g6 29. Qh4 Nxd1 30. Qf6 *

[Event "8th Amsterdam Summer Open-A 2018"]
[Site "Amsterdam"]
[Date "2018.07.09"]
[Round "3"]
[White "Hernandez Iglesias, Francisco"]
[Black "Kohler, Aran"]
[Result "1/2-1/2"]
[ECO "D45"]
[WhiteElo "2047"]
[BlackElo "2175"]
[Annotator "NA"]
[PlyCount "83"]
[EventDate "2018.07.07"]
[EventType "swiss"]
[EventCountry "NED"]
[SourceTitle "playchess.com"]
[Source "ChessBase"]
[SourceQuality "1"]
[TimeControl "40/5400+30:1800+30"]

1. d4 d5 2. c4 c6 3. Nf3 Nf6 4. Nc3 e6 5. e3 a6 6. Qc2 b5 7. b3 Nbd7 8. Bd3 {[%emt 0:01:06] D45: Semi-Slav: 5 e3} (8. Be2 Bd6 9. O-O O-O 10. e4 dxe4 11. Nxe4 Nxe4 12. Qxe4 Bb7 13. c5 Be7 14. Bd3 Nf6 15. Qh4 Re8 {1-0 (31) Riazantsev,A (2692)-Korobov,A (2680) Dubai 2014}) 8... Bb7 9. O-O b4 10. Na4 $146 ({Predecessor:} 10. Ne2 c5 11. cxd5 Bxd5 12. e4 Bb7 13. d5 exd5 14. e5 Ng4 15. e6 Nde5 16. exf7+ Nxf7 {1-0 (28) Trotsko,E (2183)-Podchufarov,I Tula 2000}) 10... c5 11. cxd5 exd5 12. dxc5 Bc6 13. Nb6 Nxb6 14. cxb6 Qxb6 15. Bb2 Be7 16. Nd4 (16. Rfc1 $142 Bd7 17. Bxh7) 16... Bd7 17. Rac1 O-O 18. Nf5 Bd8 19. Rfd1 g6 20. Bd4 Qe6 21. Ng3 Be7 22. Qe2 a5 23. f4 Rfc8 24. f5 Qd6 25. Qb2 Ng4 26. Rxc8+ Rxc8 27. Rf1 Bg5 $11 28. Qe2 Bxf5 29. Bxf5 gxf5 30. Rxf5 Rc1+ 31. Rf1 Rxf1+ 32. Nxf1 h5 33. h3 Nf6 34. Bxf6 Qxf6 35. Qxh5 d4 36. Qf3 Qxf3 37. gxf3 d3 38. f4 Bh4 39. Kg2 Be1 40. Kf3 f5 41. e4 fxe4+ 42. Ke3 1/2-1/2

[Event "8th Amsterdam Summer Open-A 2018"]
[Site "Amsterdam"]
[Date "2018.07.09"]
[Round "3"]
[White "Pham, Khoi"]
[Black "Hildenbrand, Peter"]
[Result "*"]
[ECO "C41"]
[WhiteElo "2037"]
[BlackElo "2226"]
[Annotator "NA"]
[PlyCount "85"]
[EventDate "2018.07.07"]
[EventType "swiss"]
[EventCountry "NED"]
[SourceTitle "playchess.com"]
[Source "ChessBase"]
[SourceQuality "1"]
[TimeControl "40/5400+30:1800+30"]

1. e4 d6 2. d4 Nf6 3. Nc3 e5 4. Nf3 Nbd7 5. Bc4 Be7 6. O-O c6 7. a4 Qc7 8. Re1 h6 {[%emt 0:00:11] LiveBook: 51 Games C41: Philidor Defence} 9. Bb3 (9. Qd3 exd4 10. Qxd4 Ne5 11. Nxe5 dxe5 {1-0 (11) Fedorchuk,S (2665)-Rapport,R (2704) Palic 2014}) 9... Nf8 10. Qe2 Be6 $146 ({Predecessor:} 10... g5 11. Qc4 Bd8 12. Be3 Ng6 13. dxe5 dxe5 14. Bc5 Be6 15. Qf1 Bxb3 16. cxb3 {½-½ (58) Thiel,T (2323)-Schmid,R (2249) Verden an der Aller 2014}) 11. d5 cxd5 12. exd5 Bd7 13. Nd2 Ng6 14. Nc4 O-O 15. Bd2 Bg4 16. f3 Bd7 17. Kh1 Kh7 18. Qd3 Kh8 19. Be3 b6 20. Na3 Rac8 21. Bc4 e4 22. Qf1 exf3 23. gxf3 Rce8 24. Nab5 Qb8 25. Nd4 Ne5 26. Bb5 Qc7 27. Bf4 Ng6 28. Bg3 Nh5 $11 29. Nc6 Bf6 30. Qc4 Bf5 31. Ba6 Nxg3+ 32. hxg3 Qd7 33. g4 Bxc2 34. Nb5 Bxb2 35. Rxe8 Rxe8 36. Rf1 Be4 37. fxe4 Qxg4 38. Qc2 Rxe4 39. Nxd6 Qh3+ 40. Qh2 Qe3 41. Nxe4 Qxe4+ 42. Qg2 Qh4+ 43. Kg1 *

[Event "8th Amsterdam Summer Open-A 2018"]
[Site "Amsterdam"]
[Date "2018.07.10"]
[Round "4"]
[White "Lai, Hing Ting"]
[Black "Vroombout, Enrico"]
[Result "1-0"]
[ECO "E69"]
[WhiteElo "2447"]
[BlackElo "2132"]
[Annotator "NA"]
[PlyCount "75"]
[EventDate "2018.07.07"]
[EventType "swiss"]
[EventCountry "NED"]
[SourceTitle "playchess.com"]
[Source "ChessBase"]
[SourceQuality "1"]
[TimeControl "40/5400+30:1800+30"]

1. d4 Nf6 2. Nf3 g6 3. c4 Bg7 4. g3 d6 5. Bg2 O-O 6. O-O Nbd7 7. Nc3 e5 8. e4 c6 9. h3 Re8 10. Be3 exd4 11. Nxd4 Nc5 12. Qc2 a5 13. Rad1 Nfd7 14. f4 Qe7 15. Bf2 h5 16. Rfe1 a4 {[%emt 0:18:34] LiveBook: 6 Games} 17. Nf3 $16 a3 18. b3 Na6 19. Bd4 Nb4 20. Qd2 Bxd4+ 21. Nxd4 h4 22. g4 Qd8 23. Nf3 Nc5 24. Re3 Ne6 25. e5 dxe5 26. Qf2 Qb6 27. c5 Nxc5 28. Nxe5 Nd7 29. Nc4 Qd8 30. Rf3 Qe7 31. Nd6 Rd8 32. Re3 Qf8 33. Qxh4 Nc5 34. f5 Rxd6 35. Rxd6 Qxd6 36. Re8+ Qf8 37. Rxf8+ Kxf8 38. Qd8+ 1-0

[Event "8th Amsterdam Summer Open-A 2018"]
[Site "Amsterdam"]
[Date "2018.07.10"]
[Round "4"]
[White "Kollen, Zyon"]
[Black "Pham, Khoi"]
[Result "1/2-1/2"]
[ECO "B80"]
[WhiteElo "2313"]
[BlackElo "2037"]
[Annotator "NA"]
[PlyCount "69"]
[EventDate "2018.07.07"]
[EventType "swiss"]
[EventCountry "NED"]
[SourceTitle "playchess.com"]
[Source "ChessBase"]
[SourceQuality "1"]
[TimeControl "40/5400+30:1800+30"]

1. e4 c5 2. Nf3 d6 3. d4 cxd4 4. Nxd4 Nf6 5. Nc3 a6 6. Be3 e6 7. Qd2 b5 8. f3 Nbd7 9. g4 Nb6 10. O-O-O Bb7 11. Bd3 Rc8 12. Kb1 Nfd7 13. g5 {[%emt 0:06:29] LiveBook: 52 Games} d5 {[%emt 0:03:20] B80: Sicilian Scheveningen: 6 g3 and 6 Be3, including English Attack} (13... Ne5 $11 14. Qe1 Be7 15. h4 d5 16. exd5 Nxd3 17. Rxd3 Nxd5 {½-½ (17) Korneev,O (2613)-Corrales Jimenez,F (2586) Bergamo 2009}) 14. exd5 (14. g6 $5) 14... Nxd5 15. Nxd5 Bxd5 16. Be4 Bxe4 17. fxe4 Be7 18. h4 Ne5 $146 ({Predecessor:} 18... Qc7 19. Qg2 Nc5 {1-0 (38) Zhu,J (2024)-Antova,G (2253) Khanty-Mansiysk 2016}) 19. Qg2 $16 Qc7 20. Bf4 Bd6 21. h5 Nc4 22. Bxd6 Qxd6 23. Qf3 O-O 24. h6 g6 25. c3 Qe5 26. Rhg1 f6 27. Qe2 fxg5 28. Nf3 Qf6 29. Nxg5 Rcd8 30. Rxd8 Rxd8 31. Qg4 Rd6 32. Qg3 Qd8 33. Qg4 Qf6 34. Qg3 Qd8 35. Qg4 1/2-1/2

[Event "8th Amsterdam Summer Open-A 2018"]
[Site "Amsterdam"]
[Date "2018.07.10"]
[Round "4"]
[White "Hildenbrand, Peter"]
[Black "Jansen, Dirk Norbert"]
[Result "1-0"]
[ECO "D00"]
[WhiteElo "2226"]
[BlackElo "2190"]
[Annotator "NA"]
[PlyCount "51"]
[EventDate "2018.07.07"]
[EventType "swiss"]
[EventCountry "NED"]
[SourceTitle "playchess.com"]
[Source "ChessBase"]
[SourceQuality "1"]
[TimeControl "40/5400+30:1800+30"]

1. d4 Nf6 2. Bf4 d5 3. e3 c5 4. Nc3 a6 5. dxc5 Nc6 6. a3 e5 {[%emt 0:25:42] LiveBook: 5 Games} 7. Bg5 Bxc5 (7... Be6 $11) 8. Bxf6 $1 Qxf6 9. Nxd5 Qd6 10. b4 Ba7 11. c4 O-O 12. Qc2 $11 (12. Ne2 $16) 12... Be6 13. Rd1 Bxd5 14. Rxd5 Qe6 15. Nf3 h6 16. Be2 Rac8 17. Rd1 e4 18. Nd2 f5 19. c5 Ne5 20. Bc4 Nxc4 21. Qxc4 Kf7 22. Nxe4 fxe4 23. Rd7+ Kf6 24. Qd4+ Kg5 25. h4+ Kh5 26. Qd1+ 1-0

[Event "8th Amsterdam Summer Open-A 2018"]
[Site "Amsterdam"]
[Date "2018.07.10"]
[Round "4"]
[White "De Jong, Tom"]
[Black "Mijnheer, Peter"]
[Result "1/2-1/2"]
[ECO "C84"]
[WhiteElo "2201"]
[BlackElo "2106"]
[Annotator "NA"]
[PlyCount "50"]
[EventDate "2018.07.07"]
[EventType "swiss"]
[EventCountry "NED"]
[SourceTitle "playchess.com"]
[Source "ChessBase"]
[SourceQuality "1"]
[TimeControl "40/5400+30:1800+30"]

1. e4 e5 2. Nf3 Nc6 3. Bb5 a6 4. Ba4 Nf6 5. O-O Be7 6. d3 d6 7. c3 O-O 8. Re1 b5 9. Bc2 Re8 10. Nbd2 Bf8 11. Nf1 h6 12. d4 Bb7 13. Ng3 Qd7 14. h3 Rad8 15. d5 Na5 16. a4 Ra8 17. Nh4 c6 18. dxc6 Bxc6 19. Qf3 Re6 20. axb5 axb5 21. Nhf5 Qb7 22. Ne3 Nc4 23. Rxa8 Qxa8 24. Nxc4 bxc4 25. Qe2 d5 1/2-1/2

[Event "8th Amsterdam Summer Open-A 2018"]
[Site "Amsterdam"]
[Date "2018.07.10"]
[Round "4"]
[White "Kohler, Aran"]
[Black "Theulings, Paul-Peter"]
[Result "1-0"]
[ECO "B02"]
[WhiteElo "2175"]
[BlackElo "2088"]
[Annotator "NA"]
[PlyCount "51"]
[EventDate "2018.07.07"]
[EventType "swiss"]
[EventCountry "NED"]
[SourceTitle "playchess.com"]
[Source "ChessBase"]
[SourceQuality "1"]
[TimeControl "40/5400+30:1800+30"]

1. e4 Nf6 2. e5 Nd5 3. Nc3 Nxc3 4. dxc3 Nc6 5. Nf3 d6 6. Bf4 dxe5 7. Qxd8+ Nxd8 8. Bxe5 c6 {[%emt 0:00:49] LiveBook: 8 Partien} 9. O-O-O f6 10. Bc7 Nf7 11. Bc4 e5 12. Rhe1 Bc5 13. Bxe5 O-O 14. Bd6 Bxd6 15. Rxd6 $18 Bg4 16. Re7 b5 17. Bb3 c5 18. Bd5 Bh5 19. Rdd7 Rab8 20. Nh4 Rbe8 21. f3 Rxe7 22. Rxe7 Rd8 23. Nf5 a5 24. Rb7 b4 25. cxb4 cxb4 26. Nd6 1-0

[Event "8th Amsterdam Summer Open-A 2018"]
[Site "Amsterdam"]
[Date "2018.07.10"]
[Round "4"]
[White "Cornelisse, John"]
[Black "Elgersma, Onno"]
[Result "1-0"]
[ECO "E53"]
[WhiteElo "2132"]
[BlackElo "2150"]
[Annotator "NA"]
[PlyCount "63"]
[EventDate "2018.07.07"]
[EventType "swiss"]
[EventCountry "NED"]
[SourceTitle "playchess.com"]
[Source "ChessBase"]
[SourceQuality "1"]
[TimeControl "40/5400+30:1800+30"]

1. d4 Nf6 2. c4 e6 3. Nc3 Bb4 4. e3 O-O 5. Bd3 c5 6. Nf3 d5 7. O-O b6 8. cxd5 exd5 $11 {[%emt 0:01:42] LiveBook: 82 Partien} 9. Ne5 Ba6 10. Ne2 Qe8 11. a3 Ba5 12. b4 cxb4 13. axb4 Bxb4 14. Bxa6 Nxa6 15. Rxa6 Ba5 16. Rxa5 bxa5 17. Ba3 Qb5 18. Bxf8 Rxf8 19. Qd3 Qb6 20. Rb1 Qc7 21. Qc3 Qd6 22. Qxa5 Rb8 23. Rxb8+ Qxb8 24. h3 h6 25. Nf4 Qb7 26. Qd8+ Kh7 27. Qf8 g5 28. Nfd3 a5 29. Nxf7 Qb1+ 30. Kh2 Qxd3 31. Qxh6+ Kg8 32. Qxf6 1-0

[Event "8th Amsterdam Summer Open-A 2018"]
[Site "Amsterdam"]
[Date "2018.07.10"]
[Round "4"]
[White "Cornelisse, Ticho"]
[Black "Kokje, Joris"]
[Result "0-1"]
[ECO "E61"]
[WhiteElo "2074"]
[BlackElo "2242"]
[Annotator "NA"]
[PlyCount "92"]
[EventDate "2018.07.07"]
[EventType "swiss"]
[EventCountry "NED"]
[SourceTitle "playchess.com"]
[Source "ChessBase"]
[SourceQuality "1"]
[TimeControl "40/5400+30:1800+30"]

1. d4 Nf6 2. c4 g6 3. Nc3 Bg7 4. Nf3 O-O 5. Bg5 h6 6. Bh4 d6 7. e3 a6 8. Be2 c5 9. O-O cxd4 10. exd4 Bf5 11. Qb3 Nbd7 12. Rfd1 Qc7 13. Rac1 Rac8 $14 14. h3 Rfe8 15. Bg3 Qb6 16. Qxb6 Nxb6 17. b3 g5 18. Bd3 Bxd3 19. Rxd3 Nbd7 20. Re1 Nf8 21. Rde3 Ng6 22. Kf1 Kf8 23. Bh2 g4 24. Nd2 h5 25. Nde4 Nxe4 26. Rxe4 f5 27. Re6 Bxd4 28. Nd5 Ne5 29. Rh6 gxh3 30. gxh3 Nf3 31. Rd1 Nxh2+ 32. Kg2 Bg7 33. Rxh5 e6 34. Nf4 Kf7 35. Rxd6 Be5 36. Rd7+ Kf6 37. Nd3 Rg8+ 38. Kh1 Nf3 39. Rh6+ Rg6 40. Rxg6+ Kxg6 41. Rxb7 Kf6 42. Kg2 Nd2 43. Nxe5 Kxe5 44. f3 Kf4 45. Rb6 e5 46. Rxa6 Nxf3 0-1

[Event "8th Amsterdam Summer Open-A 2018"]
[Site "Amsterdam"]
[Date "2018.07.10"]
[Round "4"]
[White "Bogaard, Milo"]
[Black "De Boer, Eelke"]
[Result "1/2-1/2"]
[ECO "A36"]
[WhiteElo "2073"]
[BlackElo "2317"]
[Annotator "NA"]
[PlyCount "41"]
[EventDate "2018.07.07"]
[EventType "swiss"]
[EventCountry "NED"]
[SourceTitle "playchess.com"]
[Source "ChessBase"]
[SourceQuality "1"]
[TimeControl "40/5400+30:1800+30"]

1. c4 Nf6 2. g3 g6 3. Bg2 Bg7 4. Nc3 O-O 5. e4 d6 6. Nge2 c5 7. O-O Nc6 8. d3 Ne8 9. Be3 Nd4 10. Qd2 Nc7 11. Bh6 Nce6 12. Bxg7 Kxg7 {[%emt 0:00:07] LiveBook: 4 Games} 13. f4 $14 Nc6 14. f5 Ned4 15. Nxd4 Nxd4 16. Nd5 f6 17. Rf4 g5 18. Rf2 Rb8 19. b4 b6 20. Rb1 Bb7 21. Ne3 1/2-1/2

[Event "8th Amsterdam Summer Open-A 2018"]
[Site "Amsterdam"]
[Date "2018.07.10"]
[Round "4"]
[White "Spiler, Angelo"]
[Black "Grooten, Herman"]
[Result "0-1"]
[ECO "B50"]
[WhiteElo "2049"]
[BlackElo "2384"]
[Annotator "NA"]
[PlyCount "63"]
[EventDate "2018.07.07"]
[EventType "swiss"]
[EventCountry "NED"]
[SourceTitle "playchess.com"]
[Source "ChessBase"]
[SourceQuality "1"]
[TimeControl "40/5400+30:1800+30"]

1. e4 c5 2. Nf3 d6 3. c3 Nf6 4. Qc2 Qc7 5. a4 g6 6. Na3 a6 7. Nc4 b6 8. a5 Nbd7 9. axb6 Nxb6 10. Nxb6 Qxb6 11. Bc4 Bg7 12. d3 O-O 13. Bg5 Rb8 14. Ra2 e6 $11 15. e5 dxe5 16. Bxf6 Bxf6 17. O-O Bb7 18. Nd2 Qc6 19. f3 Bd8 20. Rfa1 Ra8 21. Nb3 Qd6 22. Qe2 Bc7 23. g3 Rfb8 24. Qe3 Bb6 25. Re1 f6 26. Rea1 Kg7 27. Kg2 g5 28. Nd2 a5 29. Ne4 Qe7 30. Bb5 g4 31. fxg4 f5 32. Kg1 0-1

[Event "8th Amsterdam Summer Open-A 2018"]
[Site "Amsterdam"]
[Date "2018.07.10"]
[Round "4"]
[White "Hoekstra, Peter"]
[Black "Elgersma, Simon"]
[Result "1/2-1/2"]
[ECO "C11"]
[WhiteElo "2031"]
[BlackElo "2263"]
[Annotator "NA"]
[PlyCount "93"]
[EventDate "2018.07.07"]
[EventType "swiss"]
[EventCountry "NED"]
[SourceTitle "playchess.com"]
[Source "ChessBase"]
[SourceQuality "1"]
[TimeControl "40/5400+30:1800+30"]

1. e4 e6 2. d4 d5 3. Nc3 Nf6 4. e5 Nfd7 5. f4 c5 6. Nf3 Nc6 7. Be3 Be7 8. Qd2 O-O 9. dxc5 Qa5 10. O-O-O b6 11. Bb5 Nb4 12. a3 bxc5 {[%emt 0:00:09] LiveBook: 8 Partien} 13. Kb1 Nb6 $11 14. axb4 cxb4 15. Nd4 bxc3 16. Nc6 Qxb5 17. Nxe7+ Kh8 18. Qxc3 Nc4 19. f5 Rb8 20. b3 Bd7 21. f6 Rfc8 22. fxg7+ Kxg7 23. Nxc8 Rxc8 24. Bh6+ Kxh6 25. Qh3+ Kg7 26. Rhf1 Nd2+ 27. Rxd2 Qxf1+ 28. Kb2 Qe1 29. Qg4+ Kf8 30. Qf4 Ke8 31. Qg5 Qe4 32. Qg8+ Ke7 33. Qg5+ Kf8 34. Rd3 Qg6 35. Qh4 Ke8 36. Rc3 Rxc3 37. Kxc3 Qxg2 38. Qxh7 Qg5 39. Qh8+ Ke7 40. h4 d4+ 41. Kb2 Qf4 42. h5 Qf2 43. Qb8 Qh2 44. Qd6+ Ke8 45. Qb8+ Ke7 46. Qd6+ Ke8 47. Qb8+ 1/2-1/2